 Dungeon Crawl Stone Soup version 0.31-a0-239-g0a1456f148 (webtiles) character file.

Game seed: 15881729130307285611

508 qw the Shooter (level 7, -2/43 HPs)
             Began as a Gargoyle Hexslinger on July 11, 2023.
             Slain by a gnoll bouda
             ... wielding a +0 whip
              (7 damage)
             ... on level 4 of the Dungeon.
             The game lasted 00:01:13 (2941 turns).

qw the Shooter (Gargoyle Hexslinger)                Turns: 2941, Time: 00:01:14

Health: -2/43      AC: 15    Str: 12    XL:     7   Next: 18%
Magic:  8/8        EV: 10    Int: 13    God:
Gold:   242        SH:  0    Dex: 14    Spells: 7/8 levels left

rFire   . . .        Y - +1 sling
rCold   . . .        (no shield)
rNeg    + . .        d - +4 ring mail
rPois   inf          e - +0 helmet
rElec   +            (no cloak)
rCorr   .            (no gloves)
SInv    .            (no boots)
Will    .....        (no amulet)
Stlth   +            (no ring)
HPRegen 0.27/turn    (no ring)
MPRegen 0.11/turn

%: no passive effects
@: no status effects
A: sickness immunity, AC +4, negative energy resistance 1, electricity
resistance, torment resistance 1, petrification resistance
a: no special abilities


You were on level 4 of the Dungeon.
You visited 1 branch of the dungeon, and saw 4 of its levels.

You collected 242 gold pieces.


Innate Abilities, Weirdness & Mutations

You are immune to sickness and miasma.
Your stone body is resilient. (AC +4)
You are immune to poison.
You resist negative energy. (rN+)
You are resistant to electric shocks. (rElec)
You are resistant to unholy torment.
You are immune to petrification.


   Skills:
 - Level 4.0 Fighting
 + Level 6.0 Ranged Weapons
 - Level 2.6 Armour
 - Level 1.5 Dodging
 - Level 1.0 Spellcasting
 - Level 2.6 Hexes


You had 7 spell levels left.
You knew the following spells:

 Your Spells              Type           Power      Damage    Failure   Level
a - Slow                  Hex            28%        N/A       21%         1

Your spell library contained the following spells:

 Spells                   Type           Power      Damage    Failure   Level
 Inner Flame              Hex/Fire       4%         N/A       71%         3
 Portal Projectile        Hex/Tloc       8%         N/A       71%         3
 Cause Fear               Hex            3%         N/A       90%         4

Inventory:

Hand Weapons
 Y - a +1 sling (weapon)
Armour
 d - a +4 ring mail (worn)
 e - a +0 helmet (worn)
Jewellery
 b - an amulet of the acrobat
 i - a ring of fire
Scrolls
 a - 2 scrolls of identify
Potions
 c - 2 potions of curing
 g - a potion of haste

Dungeon Overview and Level Annotations

Branches:
Dungeon (4/15)
 Temple: D:4-7

Altars:
Gozag
Hepliaklqana
Makhleb
Qazlal
Sif Muna


Message History

The gnoll bouda gazes fiercely through you!
You feel your attacks grow feeble.
The gnoll bouda hits you but does no damage.
The gnoll hits you but does no damage.
You shoot a sling bullet. The sling bullet hits the gnoll!
You kill the gnoll!
The gnoll is no longer moving quickly.
The gnoll closely misses you.
The gnoll bouda hits you but does no damage.
Your Fighting skill increases to level 4!
You shoot a sling bullet.
The sling bullet closely misses the gnoll bouda.
The gnoll hits you but does no damage.
The gnoll bouda hits you but does no damage.
You shoot a sling bullet. The sling bullet hits the gnoll bouda.
The gnoll bouda is lightly wounded.
Your attacks no longer feel as feeble.
The gnoll closely misses you.
The gnoll bouda hits you with a +0 whip.
The gnoll hits you but does no damage. The gnoll bouda closely misses you.
You shoot a sling bullet. The sling bullet hits the gnoll bouda.
The gnoll bouda is lightly wounded.
The gnoll hits you with a +0 whip.
The gnoll bouda barks out a call to the hunt!
The gnoll picks up the pace!
You shoot a sling bullet. The sling bullet hits the gnoll bouda!
The gnoll bouda is severely wounded.
The gnoll completely misses you. The gnoll bouda misses you.
You shoot a sling bullet. The sling bullet hits the gnoll bouda.
The gnoll bouda is almost dead.
The gnoll hits you with a +0 whip.
The gnoll bouda hits you but does no damage.
You shoot a sling bullet.
The sling bullet hits the gnoll bouda but does no damage.
The gnoll bouda is almost dead.
The gnoll hits you but does no damage. The gnoll bouda misses you.
You shoot a sling bullet.
The sling bullet closely misses the gnoll bouda.
The gnoll barely misses you.
The gnoll bouda hits you with a +0 whip!
You die...

.. .##.# ....#
###..## |....### #
..)....## #..
##g)....##
....#)@g.#...##
.........##.#..##
..##.#.....##...### #
#......##....##
#...#.........#####
.....##..#.......#...
##..##...............
#... .........##.....
#... .........#......


You could see a gnoll bouda and a gnoll (swift).

Vanquished Creatures
  Sigmund (D:3)
  A sky beast (D:3)
  An ice beast (D:4)
  Natasha (D:2)
  3 gnolls (D:4)
  3 adders
  An ufetubus (D:3)
  4 worms
  2 dart slugs
  7 orcs (D:3)
  4 ball pythons
  5 endoplasms
  A giant cockroach (D:1)
  A goblin (D:3)
  3 hobgoblins
  4 jackals (D:2)
  7 kobolds
  A quokka (D:1)
  4 bats
  3 frilled lizards
  10 rats
67 creatures vanquished.

Notes
Turn   | Place    | Note
-------+----------+-------------------------------------------
     0 | D:1      | qw the Gargoyle Hexslinger began the quest for the Orb.
     0 | D:1      | Reached XP level 1. HP: 12/12 MP: 2/2
     0 | D:1      | 0 ||| qw: Version: 0.3-a-52-g30416fa
     0 | D:1      | 0 ||| qw: Game counter: 5964
     0 | D:1      | 0 ||| qw: Melee chars always use a shield: true
     0 | D:1      | 0 ||| qw: God list: Okawaru
     0 | D:1      | 0 ||| qw: Allow faded altars: false
     0 | D:1      | 0 ||| qw: Do Orc after clearing Dungeon:15 true
     0 | D:1      | 0 ||| qw: Do second Lair branch before Depths: true
     0 | D:1      | 0 ||| qw: Lair rune preference: random
     0 | D:1      | 0 ||| qw: Goals: Normal
     0 | D:1      | 0 ||| PLANNING D:1-11
    58 | D:1      | Reached XP level 2. HP: 16/16 MP: 3/3
   327 | D:1      | Reached skill level 3 in Ranged Weapons
   845 | D:1      | Found a faded altar of an unknown god.
   881 | D:1      | 881 ||| READING 2 scrolls labelled MAQUCS EMMOHAO.
   882 | D:1      | 882 ||| READING scroll labelled EMEMOS WEDO.
   883 | D:1      | 883 ||| READING scroll labelled CEMIUC NOIPENK.
   888 | D:1      | 888 ||| READING scroll labelled HEUTRA GETEULO.
   889 | D:1      | 889 ||| DROPPING scroll of poison.
  1070 | D:2      | Reached XP level 3. HP: 20/21 MP: 4/4
  1085 | D:2      | 1085 ||| FLEEEEING.
  1090 | D:2      | HP: 3/21 [worm (8)]
  1529 | D:2      | Reached XP level 4. HP: 26/26 MP: 5/5
  1625 | D:2      | Noticed Natasha
  1631 | D:2      | HP: 5/26 [cerulean imp/+0 spear[Natasha] (3)]
  1632 | D:2      | Killed Natasha
  1633 | D:2      | Reached skill level 4 in Ranged Weapons
  1814 | D:2      | 1814 ||| UPGRADING to +0 leather armour.
  1824 | D:2      | 1824 ||| DROPPING +0 robe.
  1825 | D:2      | 1825 ||| UPGRADING to +0 helmet.
  1830 | D:2      | 1830 ||| READING 2 scrolls of identify.
  1830 | D:2      | 1830 ||| IDENTIFYING coppery potion
  1831 | D:2      | 1831 ||| DROPPING potion of brilliance.
  1968 | D:3      | Found a hazy altar of Hepliaklqana.
  2080 | D:3      | Found a burning altar of Makhleb.
  2080 | D:3      | Noticed a balrug
  2157 | D:3      | Noticed Sigmund
  2162 | D:3      | Killed Sigmund
  2163 | D:3      | Reached skill level 6 in Ranged Weapons
  2163 | D:3      | Reached XP level 5. HP: 30/30 MP: 6/6
  2163 | D:3      | Reached XP level 6. HP: 35/35 MP: 7/7
  2225 | D:3      | Noticed a sky beast
  2244 | D:3      | 2244 ||| FLEEEEING.
  2247 | D:3      | 2247 ||| FLEEEEING.
  2248 | D:3      | 2248 ||| FLEEEEING.
  2249 | D:3      | 2249 ||| FLEEEEING.
  2251 | D:3      | 2251 ||| FLEEEEING.
  2252 | D:3      | 2252 ||| FLEEEEING.
  2255 | D:3      | 2255 ||| FLEEEEING.
  2256 | D:3      | 2256 ||| FLEEEEING.
  2257 | D:3      | 2257 ||| FLEEEEING.
  2259 | D:3      | 2259 ||| FLEEEEING.
  2260 | D:3      | 2260 ||| FLEEEEING.
  2261 | D:3      | 2261 ||| FLEEEEING.
  2262 | D:3      | 2262 ||| FLEEEEING.
  2263 | D:3      | 2263 ||| FLEEEEING.
  2264 | D:3      | 2264 ||| FLEEEEING.
  2280 | D:3      | Killed a sky beast
  2281 | D:3      | Reached skill level 3 in Fighting
  2563 | D:3      | Found a shimmering blue altar of Sif Muna.
  2658 | D:3      | Found an opulent altar of Gozag.
  2739 | D:3      | Found a stormy altar of Qazlal.
  2803 | D:3      | 2803 ||| UPGRADING to +4 ring mail.
  2813 | D:3      | 2813 ||| DROPPING +0 leather armour.
  2814 | D:3      | 2814 ||| DRINKING 3 bubbling emerald potions.
  2815 | D:3      | 2815 ||| READING 4 scrolls of identify.
  2815 | D:3      | 2815 ||| IDENTIFYING clear potion
  2816 | D:3      | 2816 ||| READING 3 scrolls of identify.
  2816 | D:3      | 2816 ||| IDENTIFYING blue potion
  2817 | D:3      | 2817 ||| DROPPING potion of invisibility.
  2827 | D:4      | Noticed an ice beast
  2828 | D:4      | 2828 ||| STAIRDANCE
  2866 | D:4      | Killed an ice beast
  2867 | D:4      | Reached XP level 7. HP: 41/41 MP: 8/8
  2933 | D:4      | HP: 9/42 [gnoll/+0 whip[a gnoll bouda] (4)]
  2939 | D:4      | HP: 5/43 [gnoll/+0 whip[a gnoll bouda] (2)]
  2941 | D:4      | Slain by a gnoll bouda

Levels and vault maps discovered:
D:1:      scummos_arrival_forest, layout_loops_corners,
          chequers_ecumenical_altar_lobes, minmay_misc_feat_secret_circle
D:2:      layout_basic, kennysheep_flooded_box, uniq_natasha
D:3:      layout_loops_ring, grunt_gozag_statues, mainiacjoe_overflow_alcove_1,
          lemuel_blue_sif_altar, makhleb_altar_promises_db,
          nicolae_qazlal_beasts_of_the_sky, uniq_sigmund
D:4:      layout_cave_pools

Skill      XL: |  1  2  3  4  5  6  7 |
---------------+----------------------+-----
Ranged Weapons | 3 6 |  6.0
Fighting       | 2 3 4 |  4.0
Armour         | 2 |  2.6
Dodging        | |  1.5
Spellcasting   | |  1.0
Hexes          | |  2.6

Action                     |  1- 3 |  4- 6 |  7- 9 || total
---------------------------+-------+-------+-------++-------
   Fire: Sling             |   119 |   142 |    40 ||   301
    Use: Scroll            |     4 |     3 |       ||     7
         Potion            |       |     1 |       ||     1
 Armour: Robe              |    26 |     2 |       ||    28
         Leather armour    |       |    34 |       ||    34
         Ring mail         |       |     9 |    38 ||    47
  Dodge: Dodged            |    42 |    53 |    33 ||   128

Table legend:
 A = Non-vault XP
 B = Vault XP
 C = Vault XP percentage of total XP
 D = Non-vault monster count
 E = Vault monster count
 F = Vault count percentage of total count
                 A         B        C        D         E       F
            +---------+---------+-------+---------+---------+-------
      Total |     329 |     398 |  54.7 |      64 |       3 |   4.5
            +---------+---------+-------+---------+---------+-------
        D:1 |      30 |       0 |   0.0 |      20 |       0 |   0.0
        D:2 |      53 |      35 |  39.8 |      17 |       1 |   5.6
        D:3 |      62 |     363 |  85.4 |      22 |       2 |   8.3
        D:4 |     184 |       0 |   0.0 |       5 |       0 |   0.0
            +---------+---------+-------+---------+---------+-------
